 Dungeon Crawl Stone Soup version 0.27.1-2-g3b301248ec (webtiles) character file.

Game seed: 3320906667800743523

2321 raph the Arsonist (level 9, 0/45 HPs)
             Began as a Deep Elf Fire Elementalist on Sept 25, 2021.
             Was a Follower of Sif Muna.
             Slain by a green ugly thing (5 damage)
             ... on level 7 of the Dungeon.
             The game lasted 00:17:18 (9279 turns).

raph the Arsonist (Deep Elf Fire Elementalist)      Turns: 9279, Time: 00:17:19

Health: 0/45       AC:  7    Str:  7    XL:     9   Next: 19%
Magic:  17/17      EV: 17    Int: 22    God:    Sif Muna [*.....]
Gold:   185        SH:  5    Dex: 15    Spells: 2/16 levels left

rFire    . . .     SeeInvis .   a - +3 dagger (venom)
rCold    + . .     Faith    .   w - +0 buckler
rNeg     . . .     Spirit   .   h - +0 robe
rPois    .         Reflect  .   n - +2 helmet
rElec    .         Harm     .   (no cloak)
rCorr    .         Rampage  .   y - +0 pair of gloves
Will     .....                  q - +0 pair of boots
Stlth    +++.......             (no amulet)
HPRegen  0.15/turn              c - +4 ring of evasion
MPRegen  0.15/turn              f - ring of protection from cold

@: lethally poisoned (0 -> -7)
A: no striking features
a: Renounce Religion, Channel Magic


You were on level 7 of the Dungeon.
You worshipped Sif Muna.
Sif Muna was aware of your devotion.
You visited 1 branch of the dungeon, and saw 7 of its levels.

You collected 185 gold pieces.

Inventory:

Hand Weapons
 a - a +3 dagger of venom (weapon)
 b - a +1 vampiric short sword
 r - a +0 rapier
Missiles
 i - 2 throwing nets
Armour
 h - a +0 robe (worn)
 n - a +2 helmet (worn)
 q - a +0 pair of boots (worn)
 w - a +0 buckler (worn)
 y - a +0 pair of gloves (worn)
Jewellery
 c - a +4 ring of evasion (left hand)
 f - a ring of protection from cold (right hand)
 x - a ring of wizardry
Scrolls
 v - a scroll of amnesia
Potions
 e - 2 potions of haste {unknown}
 g - a potion of curing {unknown}
 j - 3 potions of might {unknown}
 k - 2 potions of brilliance {unknown}
 l - 3 potions of attraction {unknown}
 m - 2 potions of ambrosia {unknown}
 o - 2 potions of heal wounds {unknown}
 p - a potion of degeneration {unknown}
 s - 2 potions of lignification
 t - a potion of invisibility {unknown}
 u - a potion of flight {unknown}


   Skills:
 - Level 3.8 Dodging
 - Level 4.1 Stealth
 * Level 3.8 Shields
 - Level 4.3 Spellcasting
 * Level 7.8 Conjurations
 * Level 9.0 Fire Magic


You had 2 spell levels left.
You knew the following spells:

 Your Spells              Type           Power      Damage    Failure   Level
a - Foxfire               Conj/Fire      100%       2x1d9     1%          1
b - Conjure Flame         Conj/Fire      41%        6-21      1%          3
c - Sticky Flame          Conj/Fire      41%        2d6       3%          4
d - Fireball              Conj/Fire      20%        3d10      10%         5
e - Magic Dart            Conj           100%       1d8       1%          1

Your spell library contained the following spells:

 Spells                   Type           Power      Damage    Failure   Level
 Shock                    Conj/Air       84%        1d8       2%          1
 Apportation              Tloc           8%         N/A       11%         1
 Summon Small Mammal      Summ           16%        N/A       11%         1
 Call Imp                 Summ           4%         N/A       16%         2
 Inner Flame              Hex/Fire       24%        N/A       4%          3
 Mephitic Cloud           Conj/Pois/Air  16%        N/A       11%         3
 Call Canine Familiar     Summ           4%         N/A       32%         3
 Summon Guardian Golem    Hex/Summ       4%         N/A       32%         3
 Swiftness                Air            4%         N/A       32%         3
 Airstrike                Air            2%         N/A       71%         4
 Passage of Golubria      Tloc           N/A        N/A       71%         4
 Alistair's Intoxication  Tmut/Pois      2%         N/A       96%         5
 Silence                  Hex/Air        2%         N/A       96%         5
 Summon Forest            Summ/Tloc      2%         N/A       96%         5
 Summon Mana Viper        Hex/Summ       4%         N/A       96%         5
 Invisibility             Hex            2%         N/A       100%        6
 Shadow Creatures         Summ           N/A        N/A       100%        6
 Lehudib's Crystal Spear  Conj/Erth      10%        10d4      100%        8


Dungeon Overview and Level Annotations

Branches:
Dungeon (7/15)             Temple (0/1) D:5

Altars:
Gozag
Sif Muna

Shops:
D:4 (   D:5 *   D:7 :


Message History

Aim: a green ugly thing (wandering, hasn't noticed you)
The fireball explodes!
The fireball engulfs the green ugly thing!
The green ugly thing is moderately wounded.
The green ugly thing gurgles horribly!
You hear a horrible gurgling sound!
Casting: Fireball (quite dangerous; 10% risk of failure)
Confirm with . or Enter, or press ? or * to list all spells.
Aiming: Sticky Flame (dangerous; 3% risk of failure)
Press: ? - help, Shift-Dir - straight line, f/p - green ugly thing
Aim: a green ugly thing (moderately wounded, 100% to hit)
The sticky flame hits the green ugly thing!
The green ugly thing is moderately wounded.
The green ugly thing is covered in liquid flames!
The green ugly thing burns!
The green ugly thing bites you!
You are lethally poisoned!
The green ugly thing poisons you!
You feel extremely sick.
The green ugly thing burns!
A green ugly thing comes into view.
You feel extremely sick.
The green ugly thing burns!
Okay, then.
You feel very sick.
The green ugly thing burns!
Found a stone staircase leading up.
* * * LOW HITPOINT WARNING * * *
You feel very sick.
The green ugly thing burns!
You see here a +0 spear.
Okay, then.
* * * LOW HITPOINT WARNING * * *
You feel very sick.
The green ugly thing burns!
* * * LOW HITPOINT WARNING * * *
You feel sick.
The green ugly thing burns!
It was a potion of magic.
Magic courses through your body.
* * * LOW HITPOINT WARNING * * *
You feel very sick.
The green ugly thing burns!
The green ugly thing bites you.
You die...

#####################
#.....#<...uu@.......
#.....'...........<..
#....##...####..###..
#....##...# ..#
#........... ....
#..)...............
#.)).##.....##..####
#..).######## ###
#...u.


You could see 2 ugly things.

Vanquished Creatures
  An unseen horror (D:7)
  Grinder (D:4)
  Sigmund (D:4)
  A wyvern (D:7)
  A steam dragon (D:7)
  Menkaure (D:6)
  An ogre (D:6)
  A hornet zombie (D:6)
  2 phantoms
  2 gnoll sergeants
  A scorpion (D:6)
  4 hounds
  A jelly (D:7)
  A gnoll shaman (D:4)
  2 orc priests
  3 orc wizards
  Natasha (thrice) (D:4)
  4 iguanas
  A killer bee zombie (D:7)
  Robin (D:2)
  13 gnolls
  5 adders
  A shadow imp (D:7)
  A white imp (D:7)
  An ufetubus (D:6)
  2 worms (D:2)
  A dart slug (D:2)
  11 orcs
  5 bats
  9 endoplasms
  2 giant cockroaches (D:3)
  6 hobgoblins
  4 jackals
  5 quokkas
  6 ball pythons
  4 frilled lizards
  13 goblins
  7 kobolds
  4 rats
133 creatures vanquished.

Vanquished Creatures (collateral kills)
  2 foxfires (D:2)
2 creatures vanquished.

Vanquished Creatures (others)
  360 foxfires
  21 plants (D:2)
381 creatures vanquished.

Grand Total: 516 creatures vanquished

Notes
Turn   | Place    | Note
-------+----------+-------------------------------------------
     0 | D:1      | raph the Deep Elf Fire Elementalist began the quest for the
                  | Orb.
     0 | D:1      | Reached XP level 1. HP: 10/10 MP: 6/6
   560 | D:1      | Reached XP level 2. HP: 15/15 MP: 5/8
   814 | D:1      | You fall into a shaft and drop 1 floor!
  1038 | D:2      | Noticed a phantom
  1147 | D:2      | Killed a phantom
  1148 | D:2      | Reached skill level 4 in Fire Magic
  1148 | D:2      | Reached XP level 3. HP: 19/19 MP: 2/10
  1148 | D:2      | Reached XP level 4. HP: 24/24 MP: 2/11
  1504 | D:2      | Noticed Robin
  1660 | D:2      | Learned a level 3 spell: Conjure Flame
  1665 | D:2      | Learned a level 4 spell: Sticky Flame
  2136 | D:2      | Reached XP level 5. HP: 24/28 MP: 9/12
  2138 | D:2      | Killed Robin
  3601 | D:4      | Noticed Grinder
  3607 | D:4      | Noticed Natasha
  3627 | D:4      | Paralysed by Grinder for 6 turns
  3856 | D:4      | Killed Natasha
  4106 | D:4      | Noticed Natasha
  4112 | D:4      | Killed Natasha
  4339 | D:4      | Reached skill level 5 in Fire Magic
  4339 | D:4      | Reached XP level 6. HP: 32/32 MP: 6/14
  4458 | D:4      | Noticed Natasha
  4462 | D:4      | Killed Natasha
  4574 | D:4      | Found Reixtopt's Weapon Boutique.
  4586 | D:4      | Learned a level 5 spell: Fireball
  4758 | D:4      | Killed Grinder
  5114 | D:4      | Noticed Sigmund
  5124 | D:4      | Killed Sigmund
  5125 | D:4      | Reached skill level 6 in Fire Magic
  5125 | D:4      | Reached XP level 7. HP: 36/36 MP: 10/15
  5231 | D:5      | Entered Level 5 of the Dungeon
  5537 | D:5      | Learned a level 1 spell: Magic Dart
  5592 | D:5      | Reached skill level 5 in Conjurations
  5875 | D:5      | Found a shimmering blue altar of Sif Muna.
  5901 | D:5      | Found an opulent altar of Gozag.
  5928 | D:5      | Became a worshipper of Sif Muna the Loreminder
  6012 | D:5      | Found a staircase to the Ecumenical Temple.
  6184 | D:5      | Found Koeps's Overcharged Wands.
  6508 | D:4      | Reached skill level 7 in Fire Magic
  7272 | D:6      | Reached XP level 8. HP: 24/41 MP: 0/16
  7273 | D:6      | Reached skill level 1 in Shields
  7298 | D:6      | Reached * piety under Sif Muna
  7771 | D:6      | Noticed Menkaure
  7777 | D:6      | Killed Menkaure
  8212 | D:6      | Reached skill level 8 in Fire Magic
  8260 | D:7      | Noticed a green ugly thing
  8348 | D:7      | Found Agofos's Book Emporium.
  8354 | D:7      | Killed an unseen horror
  8813 | D:7      | Reached XP level 9. HP: 34/45 MP: 15/17
  9048 | D:7      | Reached skill level 9 in Fire Magic
  9273 | D:7      | Noticed a green ugly thing
  9279 | D:7      | Slain by a green ugly thing

Illustrated notes

Levels and vault maps discovered:
D:1:      minmay_arrival_semitransparent, layout_rooms, minivault_4
D:2:      layout_basic, serial_bayou, serial_bayou_pond_b, serial_bayou_pond_c,
          serial_bayou_pond_b, serial_bayou_pond_d, uniq_robin
D:3:      layout_loops_ring, minmay_liquid_box, minmay_misc_feat_nine_boxes,
          minmay_stone_trees_large
D:4:      layout_loops_ring, serial_shops, shop_statue,
          chequers_serial_rivers_small_3, chequers_serial_rivers_micro_a,
          corexii_checkpoint_a, uniq_grinder, uniq_natasha, uniq_sigmund
D:5:      layout_rooms, mainiacjoe_overflow_two_lobes,
          minmay_temple_entry_nine_rooms, roderic_lattice_a,
          nicolae_shop_overcharged_wands
D:6:      layout_cave_pools, minmay_fountain_box, uniq_menkaure
D:7:      minmay_the_grid_octo_tiled_octocenter [minmay_the_grid_octo_focus,
          minmay_the_grid_octo_fat_diamond, minmay_the_grid_octo_thin_diamonds,
          minmay_the_grid_octo_teeth, minmay_the_grid_octo_prize_big_c,
          minmay_the_grid_square_5x5_shrine2, minmay_the_grid_square_5x5_comb,
          minmay_the_grid_square_5x5_two_walls_a,
          minmay_the_grid_square_5x5_tri_point], layout_gridville,
          nicolae_wooded_promenade, uniq_harold

Skill      XL: |  1  2  3  4  5  6  7  8  9 |
---------------+----------------------------+-----
Dodging        | 3 |  3.8
Stealth        | 3 4 |  4.1
Conjurations   | 2 4 5 7 |  7.8
Fire Magic     | 4 5 6 7 8 9 |  9.0
Spellcasting   | 4 |  4.3
Shields        | 3 |  3.8

Action                   |  1- 3 |  4- 6 |  7- 9 || total
-------------------------+-------+-------+-------++-------
Melee: Unarmed           |     1 |       |       ||     1
       Short sword       |     2 |    20 |       ||    22
       Dagger            |       |    19 |    50 ||    69
 Cast: Foxfire           |    33 |   116 |    67 ||   216
       Sticky Flame      |       |     3 |     9 ||    12
       Conjure Flame     |       |     1 |     5 ||     6
       Fireball          |       |       |    13 ||    13
       Magic Dart        |       |       |     1 ||     1
  Use: Scroll            |       |     8 |     2 ||    10
       Potion            |       |       |     2 ||     2
 Stab: Sleeping          |       |     6 |     1 ||     7
Armor: Robe              |     2 |     8 |    19 ||    29
Dodge: Dodged            |     8 |    29 |    56 ||    93
Block: Buckler           |       |       |     8 ||     8
